AoeStats
← 根本赢不了

Hideout

510235679Analyzed
1v1 RM · 1d ago on Sep 30, 2026· 47m 42s· 2 players
Game mode
Random Map
Map size
Tiny (2 player)
Population
200
Speed
Normal
Resources
Standard
Victory
Conquest
Starting age
Dark Age
Ending age
Imperial Age
RankedLock teamsTeams togetherTeam positionsShared explorationLock speedFull tech treeHidden civsTurbo modeCheats
Victory
Defeat
🇨🇳 Varangians · China
1233
+46
🇦🇷 Sicilians · Argentina
1286
-18
根本赢不了
10:47 Feudal Age
9:47 Loom
11:53 Loom
14:54 Castle Age
13:33 Double-Bit Axe
15:52 Horse Collar
25:07 Forging
26:01 Scale Mail Armor
28:54 Wheelbarrow
28:05 Town Watch
30:36 Bow Saw
30:30 Heavy Plow
34:29 Herbal Medicine
35:13 Scale Barding Armor
40:20 Imperial Age
39:07 Chain Barding Armor
40:22 Iron Casting
40:28 Gold Mining
40:29 Stone Mining
41:37 Conscription
41:54 Plate Barding Armor
41:43 Elite Jarl
43:21 Crop Rotation
43:55 Blast Furnace
43:48 Fletching
45:01 Bloodlines
44:52 Husbandry
45:40 Bodkin Arrow
46:17 Guilds
46:52 Siege Engineers
massi2255
6:46 Loom
8:55 Feudal Age
9:30 Double-Bit Axe
21:22 Castle Age
22:47 Bow Saw
24:46 Horse Collar
29:07 Town Watch
33:04 Fletching
33:49 Bodkin Arrow
34:03 Crossbowman
37:54 Wheelbarrow
37:15 Gold Mining
41:44 Imperial Age
40:25 Ballistics
42:52 Bracer
42:15 Arbalester
44:32 Padded Archer Armor
46:08 Chemistry
46:13 Hand Cart
46:27 Scale Mail Armor
Connection lost

Rejoining the realm…

Still unreachable

The connection could not be restored.

Session expired

The server has moved on; the page needs a fresh start.